 Dungeon Crawl Stone Soup version 0.17.0-73-gb648821 (webtiles) character file.

160 Rationalist the Shield-Bearer (level 5, -2/43 HPs)
             Began as a Formicid Fighter on Dec 9, 2015.
             Slain by a gnoll
             ... wielding a +0 spear
              (12 damage)
             ... on level 3 of the Dungeon.
             The game lasted 00:03:38 (1807 turns).

Rationalist the Shield-Bearer (Formicid Fighter)    Turns: 1807, Time: 00:03:38

Health: -2/43      AC:  3    Str: 21    XL:     5   Next: 69%
Magic:  5/5        EV: 10    Int:  7    God:
Gold:   160        SH: 10    Dex: 11    Spells: 0 memorised, 4 levels left

rFire  x . .     SeeInvis +     a - +1 war axe
rCold  + . .     Clarity  .     k - +0 leather armour
rNeg   . . .     SustAt   .     c - +0 shield
rPois  .         Gourm    .     (helmet unavailable)
rElec  .         Spirit   .     (no cloak)
rCorr  .         Warding  .     (no gloves)
rMut   .         Stasis   +     (no boots)
MR     .....                    (no amulet)
Stlth  +.........               (no ring)
                                o - ring of ice

@: not resistant to hostile enchantments, very unstealthy
A: permanent stasis, dig shafts and tunnels, four strong arms, antennae 3
a: Dig, Shaft Self


You were on level 3 of the Dungeon.
You were not hungry.

You visited 1 branch of the dungeon, and saw 3 of its levels.

You collected 160 gold pieces.

Inventory:

Hand Weapons
 a - a +1 war axe (weapon)
Armour
 c - a +0 shield (worn)
 k - a +0 leather armour (worn)
 w - a +2 animal skin
Jewellery
 o - a ring of ice (left hand)
Wands
 q - a wand of digging (8)
Scrolls
 g - 2 scrolls of recharging {unknown}
 h - a scroll of noise {unknown}
 l - 5 scrolls of remove curse
 n - 2 scrolls of identify {unknown}
 t - a scroll of enchant armour {unknown}
 u - a scroll of immolation {unknown}
 x - a scroll of enchant weapon
Potions
 d - a potion of might
 i - a potion of brilliance {unknown}
 m - a potion of agility {unknown}
 p - a potion of cancellation {unknown}
 v - a potion of poison {unknown}
 z - a potion of curing
Books
 y - a book of Hinderance

   Spells                             Type                      Level
   a - Confusing Touch                Hexes                        2
   b - Confuse                        Hexes                        3
   c - Gell's Gravitas                Hexes/Translocation          3
   d - Petrify                        Transmutation/Earth          4
   e - Metabolic Englaciation         Hexes/Ice                    5
Comestibles
 b - 3 meat rations
 e - 4 bread rations
 f - a fruit
 j - 2 slices of pizza
 r - a royal jelly
 s - a beef jerky
 A - 6 chunks of flesh


   Skills:
 + Level 4.3 Fighting
 + Level 2.8 Axes
 + Level 3.7 Armour
 + Level 1.6 Dodging
 + Level 0.6 Stealth
 + Level 4.7 Shields


You had 4 spell levels left.
You didn't know any spells.

Dungeon Overview and Level Annotations

Branches:
Dungeon (3/15)

Altars:
Ru


Innate Abilities, Weirdness & Mutations

You are under a permanent stasis effect.
You can dig through walls and to a lower floor.
Your four strong arms can wield two-handed weapons with a shield.
You have a pair of large antennae on your head (SInv).


Message History

The gnoll is severely wounded.
You hit the gnoll but do no damage. You hit the gnoll.
The gnoll is heavily wounded.
You block the gnoll's attack. x2
The gnoll hits you from afar with a spear.
The gnoll hits you with a whip.
You slash the gnoll!
You kill the gnoll!
You slash the gnoll!
The gnoll is almost dead.
You closely miss the gnoll. You block the gnoll's attack. The gnoll misses you.
The gnoll hits you with a flail. You block the gnoll's attack.
The gnoll hits you from afar with a spear.
* * * LOW HITPOINT WARNING * * *
You block the gnoll's attack.
Drink which item? (? for menu, Esc to quit)
It was a potion of curing.
You feel better. The gnoll hits you with a whip!
* * * LOW HITPOINT WARNING * * *
The gnoll hits you from afar with a spear!
You die...

#.......# ######
#.8...8.#
.....########.......#
####.##.....#.8...8.#
.....##.....#.......#
.....##.....#.8g..8.# {
.....##.....#..g.####@#
.....##......#.#(#####.#
..)..........#'#.......#
#######............#####
##+#........(#
#######.###.......#
#.....#.# #.......#
+.....#.# #.......#
#.....#.# #.......+


You could see 3 gnolls.

Vanquished Creatures
  An orc wizard (D:3)
  Robin (D:3)
  A gnoll (D:3)
  3 adders
  5 giant geckos
  2 ball pythons (D:1)
  4 giant cockroaches
  17 hobgoblins
  6 jackals (D:1)
  2 quokkas (D:3)
  5 bats
  3 giant newts
  16 goblins
  6 kobolds
  A rat (D:2)
73 creatures vanquished.

Notes
Turn   | Place    | Note
--------------------------------------------------------------
     0 | D:1      | Rationalist the Formicid Fighter began the quest for the Orb.
     0 | D:1      | Reached XP level 1. HP: 18/18 MP: 1/1
   148 | D:1      | Reached XP level 2. HP: 17/24 MP: 2/2
   571 | D:1      | Reached XP level 3. HP: 28/30 MP: 3/3
   600 | D:1      | Reached skill level 4 in Shields
  1225 | D:2      | Reached XP level 4. HP: 24/37 MP: 4/4
  1298 | D:2      | Reached skill level 1 in Dodging
  1372 | D:3      | Noticed Robin
  1386 | D:3      | Killed Robin
  1441 | D:3      | Found a sacrificial altar of Ru.
  1446 | D:3      | Reached XP level 5. HP: 14/42 MP: 5/5
  1807 | D:3      | Slain by a gnoll

Action                   |  1- 3 |  4- 6 || total
-------------------------+-------+-------++-------
Melee: War axe           |    97 |    73 ||   170
 Abil: Dig               |       |     1 ||     1
  Use: Scroll            |       |     2 ||     2
       Potion            |       |     1 ||     1
  Eat: Chunk             |     1 |     2 ||     3
